 Dungeon Crawl Stone Soup version 0.22.0-27-ga576289 (webtiles) character file.

12101 Faca the Fighter (level 11, -5/75 HPs)
             Began as a Gargoyle Gladiator on Aug 22, 2018.
             Was a Priest of Qazlal.
             Slain by a white ugly thing (9 damage)
             ... on level 11 of the Dungeon.
             The game lasted 00:33:01 (11229 turns).

Faca the Fighter (Gargoyle Gladiator)              Turns: 11229, Time: 00:33:02

Health: -5/75      AC: 24    Str: 23    XL:     11   Next: 88%
Magic:  8/11       EV:  8    Int:  9    God:    Qazlal [***...]
Gold:   318        SH: 16    Dex: 12    Spells: 10/10 levels left

rFire    . . .     SeeInvis .   g - +1 morningstar (venom) (curse)
rCold    . . .     Gourm    .   B - +0 shield
rNeg     + . .     Faith    .   y - +0 chain mail
rPois    ∞         Spirit   .   c - +0 helmet
rElec    +         Reflect  .   D - +0 cloak {+Inv}
rCorr    .         Harm     .   v - +0 pair of gloves {Str+3}
MR       .....                  e - +0 pair of boots
Stlth    ..........             (no amulet)
HPRegen  0.22/turn              (no ring)
MPRegen  0.12/turn              C - ring of stealth

@: no status effects
A: negative energy resistance 1, electricity resistance, unbreathing,
petrification resistance, rot immunity, AC +8
a: Upheaval, Elemental Force, Renounce Religion, Evoke Invisibility


You were on level 11 of the Dungeon.
You worshipped Qazlal.
Qazlal was most pleased with you.
You were not hungry.

You visited 2 branches of the dungeon, and saw 12 of its levels.

You collected 535 gold pieces.
You spent 217 gold pieces at shops.

Inventory:

Hand Weapons
 g - a cursed +1 morningstar of venom (weapon)
 k - a +0 whip of electrocution
 u - a +3 flail of crushing
Missiles
 d - 3 throwing nets
 s - 5 tomahawks (quivered)
Armour
 c - a +0 helmet (worn)
 e - a +0 pair of boots (worn)
 v - a +0 pair of gloves of strength (worn)
 x - a +0 plate armour
 y - a +0 chain mail (worn)
 B - a +0 shield (worn)
 D - a +0 cloak of invisibility (worn)
Jewellery
 C - a ring of stealth (right hand)
Wands
 a - a wand of acid (3)
 r - a wand of iceblast (10)
 G - a wand of paralysis (13)
 H - a wand of enslavement (11)
 I - a wand of flame (18)
Scrolls
 b - 5 scrolls of teleportation
 i - 3 scrolls of immolation
 m - a scroll of magic mapping
Potions
 h - 2 potions of agility
 j - 2 potions of brilliance
 l - 4 potions of lignification
 n - 2 potions of resistance {unknown}
 o - 2 potions of cancellation
 p - a potion of ambrosia
 q - 2 potions of flight
 t - a potion of haste
 w - a potion of magic {unknown}
 z - a potion of degeneration {unknown}
 A - 2 potions of mutation {unknown}
 E - 2 potions of heal wounds {unknown}
Comestibles
 f - 17 rations


   Skills:
 + Level 11.6 Fighting
 + Level 10.9 Maces & Flails
 - Level 1.7 Throwing
 + Level 8.6 Armour
 - Level 2.4 Dodging
 + Level 8.6 Shields


You had 10 spell levels left.
You didn't know any spells.
Your spell library contained the following spells:

 Spells                   Type           Power        Failure   Level  Hunger
 Summon Small Mammal      Summ           #...         99%         1    ##.....
 Call Imp                 Summ           #.......     100%        2    ###....
 Call Canine Familiar     Summ           #.......     100%        3    ####...
 Summon Guardian Golem    Hex/Summ       #.......     100%        3    ####...
 Summon Ice Beast         Ice/Summ       #.......     100%        4    #####..
 Summon Lightning Spire   Summ/Air       #.......     100%        4    #####..


Dungeon Overview and Level Annotations

Branches:
Dungeon (11/15)            Temple (1/1) D:4            Lair (0/6) D:9
    Orc (0/2) D:10

Altars:
Ashenzari
Cheibriados
Dithmenos
Elyvilon
Fedhas
Gozag
Hepliaklqana
Kikubaaqudgha
Makhleb
Nemelex Xobeh
Okawaru
Qazlal
Ru
Sif Muna
Trog
Uskayaw
Vehumet
Wu Jian
Xom
Yredelemnul
Zin
The Shining One

Shops:
D:5 *   D:6 ?[[

Annotations:
D:11 Fannar


Innate Abilities, Weirdness & Mutations

You are resistant to torment.
Your stone body is resilient. (AC +8)
You are immune to poison.
You resist negative energy. (rN+)
You are resistant to electric shocks. (rElec)
You can survive without breathing.
You are immune to petrification.
You are immune to rotting.


Message History

The white ugly thing is heavily wounded.
You hit the white ugly thing but do no damage.
The white ugly thing looks as sick as possible!
The white ugly thing is severely wounded.
You block the white ugly thing's attack.
The white ugly thing bites you. The white ugly thing freezes you!!
You sock the white ugly thing!
The white ugly thing looks as sick as possible!
The white ugly thing is severely wounded.
Fannar casts a spell.
Fannar blinks!
The white ugly thing bites you. The white ugly thing freezes you!!
* * * LOW HITPOINT WARNING * * *
You closely miss the white ugly thing.
The white ugly thing is severely wounded.
The white ugly thing barely misses you.
Your chain mail prevents you from hitting the white ugly thing.
The white ugly thing is severely wounded.
The white ugly thing bites you!
You die...

...................
.>.................
######............
...................
)..................
...................
########....<......
#############...........
.......@uYY.............
##########e.............
#..############
########..............
......................
......................
......................
........e.............
......................


You could see Fannar, a white ugly thing and 2 ice beasts.

Vanquished Creatures
  Erica (D:8)
  4 skeletal warriors (D:11)
  An unseen horror (D:11)
  Pikel (D:5)
  An ugly thing (D:11)
  A deep elf mage (D:10)
  A kobold demonologist (D:11)
  2 trolls
  A hornet (D:10)
  A shadow (D:10)
  10 yaks
  A basilisk (D:11)
  2 porcupines (D:9)
  7 orc warriors
  2 sky beasts (D:11)
  2 phantoms
  4 ogres
  An ice beast (D:7)
  A centaur (D:9)
  A crocodile (D:9)
  8 bullfrogs
  Blork the orc (D:4)
  A water moccasin zombie (D:8)
  3 gnoll sergeants (D:10)
  3 scorpions
  4 wights
  3 howler monkeys (D:7)
  7 crimson imps
  A bullfrog zombie (D:10)
  2 hounds
  9 jellies
  Crazy Yiuf (D:7)
  2 bullfrog skeletons
  6 orc priests
  2 iguanas
  9 orc wizards
  10 worker ants
  A hound zombie (D:11)
  A hound skeleton (D:7)
  9 gnolls
  A howler monkey skeleton (D:4)
  12 adders
  5 oozes (D:9)
  2 adder skeletons
  6 worms
  4 dart slugs
  7 leopard geckos
  43 orcs
  A ball python (D:2)
  8 giant cockroaches
  8 goblins
  4 hobgoblins
  17 jackals
  11 kobolds
  7 quokkas
  14 bats
  6 frilled lizards
  8 rats
  A fungus (D:7)
293 creatures vanquished.

Vanquished Creatures (others)
  A phantom (D:5)
  A water moccasin skeleton (D:5)
  A hound zombie (D:5)
  An adder (D:5)
  A giant cockroach (D:5)
5 creatures vanquished.

Grand Total: 298 creatures vanquished

Notes
Turn   | Place    | Note
-------+----------+-------------------------------------------
     0 | D:1      | Faca the Gargoyle Gladiator began the quest for the Orb.
     0 | D:1      | Reached XP level 1. HP: 12/12 MP: 1/1
    44 | D:1      | Reached XP level 2. HP: 18/18 MP: 2/2
   339 | D:1      | Reached skill level 3 in Fighting
   372 | D:1      | Reached XP level 3. HP: 23/23 MP: 3/3
   894 | D:2      | Reached XP level 4. HP: 14/28 MP: 4/4
  1010 | D:2      | Found a hide-covered altar of Uskayaw.
  1010 | D:2      | Noticed a dagger
  1010 | D:2      | Noticed a hand axe
  1468 | D:2      | Reached skill level 4 in Fighting
  1875 | D:3      | Reached XP level 5. HP: 33/33 MP: 5/5
  2740 | D:3      | Reached skill level 5 in Maces & Flails
  2789 | D:3      | Reached XP level 6. HP: 28/40 MP: 6/6
  2799 | D:3      | Reached skill level 5 in Fighting
  2983 | D:3      | Found a blossoming altar of Fedhas.
  3402 | D:4      | Found a staircase to the Ecumenical Temple.
  3463 | Temple   | Entered the Ecumenical Temple
  3586 | D:4      | Reached XP level 7. HP: 42/45 MP: 7/7
  3615 | D:4      | Noticed Blork the orc
  3623 | D:4      | Killed Blork the orc
  3623 | D:4      | Reached skill level 6 in Fighting
  3681 | D:4      | Found a stormy altar of Qazlal.
  3683 | D:4      | Found a bloodstained altar of Trog.
  3686 | D:4      | Found a shattered altar of Ashenzari.
  3689 | D:4      | Became a worshipper of Qazlal Stormbringer
  4107 | D:5      | Entered Level 5 of the Dungeon
  4110 | D:5      | Noticed Pikel
  4137 | D:5      | Killed Pikel
  4137 | D:5      | Reached skill level 7 in Fighting
  4137 | D:5      | Reached XP level 8. HP: 43/53 MP: 8/8
  4361 | D:5      | Found an iron altar of Okawaru.
  4385 | D:5      | Found a glowing golden altar of the Shining One.
  4406 | D:5      | Found Moamuw's Assorted Antiques.
  4482 | D:5      | Reached skill level 8 in Fighting
  4573 | D:5      | Bought a pair of runed gloves for 217 gold pieces
  4822 | D:6      | Found a shattered altar of Ashenzari.
  4853 | D:6      | Found Goagosut's Magic Scroll Shop.
  4863 | D:6      | Found Wyarih's Antique Armour Shop.
  5044 | D:5      | Reached skill level 1 in Armour
  5044 | D:5      | Reached skill level 1 in Shields
  5287 | D:6      | Found Gapoy's Armour Emporium.
  5455 | D:6      | Reached * piety under Qazlal
  5515 | D:6      | Reached XP level 9. HP: 60/60 MP: 9/9
  5853 | D:6      | Found a shimmering altar of Xom.
  6209 | D:7      | Found a shadowy altar of Dithmenos.
  6210 | D:7      | Found a sparkling altar of Nemelex Xobeh.
  6210 | D:7      | Found a basalt altar of Yredelemnul.
  6482 | D:7      | Reached skill level 9 in Fighting
  6834 | D:7      | Found a runed door.
  6838 | D:7      | Noticed Crazy Yiuf
  6906 | D:7      | Killed Crazy Yiuf
  7341 | D:8      | Noticed Erica
  7566 | D:8      | Killed Erica
  7566 | D:8      | Reached skill level 5 in Armour
  7566 | D:8      | Reached skill level 5 in Shields
  7566 | D:8      | Reached XP level 10. HP: 57/67 MP: 10/10
  7844 | D:9      | Reached ** piety under Qazlal
  8285 | D:9      | Reached skill level 10 in Fighting
  8396 | D:9      | You fall through a shaft!
  8396 | D:10     | Entered Level 10 of the Dungeon
  8685 | D:10     | Noticed a deep elf mage
  8700 | D:10     | Killed a deep elf mage
  9119 | D:9      | Found a staircase to the Lair.
  9297 | D:10     | Reached skill level 10 in Maces & Flails
  9391 | D:10     | Reached XP level 11. HP: 57/73 MP: 11/11
  9732 | D:10     | Reached *** piety under Qazlal
  9745 | D:10     | Found a staircase to the Orcish Mines.
 10195 | D:11     | Noticed a skeletal warrior
 10227 | D:11     | Killed a skeletal warrior
 10227 | D:11     | Reached skill level 11 in Fighting
 10240 | D:11     | Noticed a skeletal warrior
 10246 | D:11     | Noticed a skeletal warrior
 10267 | D:11     | Killed a skeletal warrior
 10614 | D:11     | Killed an unseen horror
 10633 | D:11     | Noticed a skeletal warrior
 10656 | D:11     | Killed a skeletal warrior
 10767 | D:11     | Noticed Fannar
 10927 | D:11     | Killed a skeletal warrior
 11203 | D:11     | Noticed a brown ugly thing
 11204 | D:11     | Noticed a red ugly thing
 11221 | D:11     | Killed a brown ugly thing
 11227 | D:11     | HP: 3/75 [white ugly thing (21)]
 11229 | D:11     | Slain by a white ugly thing

Skill      XL: |  1  2  3  4  5  6  7  8  9 10 11 |
---------------+----------------------------------+-----
Fighting       | 3 4 5 7 8 9 10 11 | 11.6
Maces & Flails | 4 5 7 8 9 10 | 10.9
Armour         | 2 5 7 8 |  8.6
Shields        | 2 5 7 8 |  8.6
Throwing       | |  1.7
Dodging        | |  2.4

Action                   |  1- 3 |  4- 6 |  7- 9 | 10-12 || total
-------------------------+-------+-------+-------+-------++-------
Melee: Flail             |    94 |   319 |   317 |   267 ||   997
       Morningstar       |       |       |       |   201 ||   201
       Whip              |       |       |       |    28 ||    28
Invok: Upheaval          |       |       |       |     1 ||     1
  Use: Scroll            |       |       |    17 |     4 ||    21
       Potion            |       |       |     1 |       ||     1
 Stab: Sleeping          |     1 |       |       |       ||     1
  Eat: Chunk             |       |     9 |     2 |     3 ||    14
       Ration            |       |       |     4 |     2 ||     6
Armor: Leather armour    |    60 |   152 |       |       ||   212
       Ring mail         |       |    24 |    32 |       ||    56
       Chain mail        |       |       |    95 |   205 ||   300
Dodge: Dodged            |    89 |   298 |    73 |    71 ||   531
Block: Shield            |       |       |    99 |   288 ||   387
